[Event "45th FIDE Womens Olympiad 2024"]
[Site "Budapest"]
[Date "2024.09.16"]
[Round "6.38"]
[White "Balabayeva, Xeniya"]
[Black "Arribas Robaina, Maritza"]
[Result "1-0"]
[ECO "D02"]
[WhiteElo "2335"]
[BlackElo "2143"]
[Annotator "TA"]
[PlyCount "73"]
[EventDate "2024.09.05"]
[EventType "team-tourn"]
[EventCountry "HUN"]
[SourceTitle "playchess.com"]
[Source "ChessBase"]
[SourceQuality "1"]
[WhiteTeam "Kazakhstan"]
[BlackTeam "Cuba"]
[WhiteTeamCountry "KAZ"]
[BlackTeamCountry "CUB"]
[TimeControl "40/5400+30:1800+30"]

1. d4 d5 2. Bf4 Nf6 3. e3 e6 4. Nf3 Bd6 5. Bg3 O-O 6. Nbd2 c5 7. c3 Qc7 8. Bxd6 Qxd6 {The position is equal.} 9. Ne5 Nfd7 10. Ndf3 f6 11. Nxd7 Nxd7 12. Be2 b6 13. O-O Bb7 14. c4 Rfd8 15. Rc1 Kh8 16. dxc5 Nxc5 17. b4 Ne4 18. Qb3 dxc4 19. Bxc4 e5 20. Rfd1 Qe7 21. Bd5 Bxd5 22. Rxd5 Rac8 23. Rxd8+ Rxd8 24. h3 g6 25. Qc2 Nd6 (25... Qxb4 $2 {loses.} 26. Rb1 Qa5 27. Qxe4 $18) 26. Qb3 Kg7 27. Rc6 Nf7 28. Qc4 Rd6 29. b5 Rxc6 30. Qxc6 $11 {[%mdl 4096] Endgame. KQN-KQN} ({Don't play} 30. bxc6 Qc7 $17) 30... Nd8 31. Qd5 Nf7 32. g4 Qd6 33. Qb7 Qb4 34. g5 Qxb5 35. Qxa7 Qc6 36. gxf6+ Kxf6 $2 {[%mdl 8192] [#]} (36... Qxf6 $11 37. Kg2 Kh6) 37. Qxf7+ $3 {[%mdl 512] Weighted Error Value: White=0.02 (flawless) /Black=0.03 (flawless) .  Loses game:     	---       	Black=1      OK:         	White=14    	Black=10     Brilliant:      	White=1     	---} 1-0

[Event "45th FIDE Womens Olympiad 2024"]
[Site "Budapest"]
[Date "2024.09.16"]
[Round "6.39"]
[White "Miranda Llanes, Yerisbel"]
[Black "Nurman, Alua"]
[Result "0-1"]
[ECO "D35"]
[WhiteElo "2294"]
[BlackElo "2324"]
[Annotator "TA"]
[PlyCount "68"]
[EventDate "2024.09.05"]
[EventType "team-tourn"]
[EventCountry "HUN"]
[SourceTitle "playchess.com"]
[Source "ChessBase"]
[SourceQuality "1"]
[WhiteTeam "Cuba"]
[BlackTeam "Kazakhstan"]
[WhiteTeamCountry "CUB"]
[BlackTeamCountry "KAZ"]
[TimeControl "40/5400+30:1800+30"]

1. d4 d5 2. c4 e6 3. Nc3 Nf6 4. cxd5 exd5 5. Bg5 c6 6. e3 h6 7. Bh4 Be7 8. Bd3 O-O 9. Bg3 Re8 10. h3 Bd6 11. Nge2 {[%cal Bg1e2,Be2g3,Bg3f5][%mdl 32] The position is equal.} Bxg3 12. Nxg3 Nbd7 13. O-O a5 14. Nf5 Nf8 15. Rc1 Ng6 16. Ng3 Nh4 17. Na4 Rb8 18. a3 Qd6 19. Re1 b6 20. e4 dxe4 21. Nxe4 Nxe4 22. Rxe4 Rxe4 23. Bxe4 Bd7 24. Qc2 Qf4 25. g3 Qg5 26. Kh2 {[#]} Bf5 $1 27. Bxf5 (27. Rd1 Nf3+) 27... Nxf5 28. h4 (28. Qxc6 $11 {remains equal.} b5 (28... Nxd4 29. Qc7 $11) 29. Qc7) 28... Qg4 $17 {Black is more active.} 29. Qxc6 Nxd4 ({Much worse is} 29... Qxd4 $6 30. Rc2 $11) 30. Qd6 Nf3+ 31. Kg2 Nxh4+ 32. Kh2 {[#]} Re8 {[%cal Og4f3] ( -> ...Qf3!)} 33. gxh4 $2 (33. Qf4 $17 Qxf4 34. gxf4) 33... Qxh4+ $19 34. Kg2 Qg5+ {Weighted Error Value: White=0.29 (precise) /Black=0.05 (flawless) .  Loses game:     	White=1     	---        Mistake:       	White=1     	---        Inaccurate:     	White=1     	Black=1      OK:         	White=10    	Black=8      Best:        	White=1     	Black=2} 0-1

[Event "45th FIDE Womens Olympiad 2024"]
[Site "Budapest"]
[Date "2024.09.16"]
[Round "6.40"]
[White "Kairbekova, Amina"]
[Black "Forgas Moreno, Yaniela"]
[Result "1-0"]
[ECO "B12"]
[WhiteElo "2243"]
[BlackElo "2203"]
[Annotator "TA"]
[PlyCount "103"]
[EventDate "2024.09.05"]
[EventType "team-tourn"]
[EventCountry "HUN"]
[SourceTitle "playchess.com"]
[Source "ChessBase"]
[SourceQuality "1"]
[WhiteTeam "Kazakhstan"]
[BlackTeam "Cuba"]
[WhiteTeamCountry "KAZ"]
[BlackTeamCountry "CUB"]
[TimeControl "40/5400+30:1800+30"]

1. e4 c6 2. d4 d5 3. e5 Bf5 4. Nf3 e6 5. Be2 Bg6 6. O-O Nh6 7. a4 Be7 8. c3 {White is slightly better.} O-O 9. a5 Nd7 10. Bxh6 gxh6 11. Ne1 f6 12. Bg4 fxe5 13. Bxe6+ Kh8 14. Bxd7 Qxd7 15. dxe5 Qe6 16. Qe2 (16. f4 Bc5+ 17. Kh1 Qxe5 $19) 16... Rae8 17. f4 {Against Bg5} Bc5+ 18. Kh1 Qf5 19. Nd2 Bh5 20. Ndf3 ({White should play} 20. Qd3 $16) 20... Qxf4 $11 21. Nd3 Qe4 22. Qd1 (22. Qxe4 $11 dxe4 23. Nxc5 exf3 24. Kg1 (24. Nxb7 $2 f2 $19)) 22... Be7 $15 23. Ra4 Qe3 24. Nde1 Bg6 25. Nc2 Qd3 26. Ncd4 Bg5 $40 {[%mdl 128] White needs to defend precisely.} 27. Qa1 $2 (27. Qxd3 $15 Bxd3 28. Re1) 27... c5 $1 $19 28. Rd1 {[#]} Qa6 29. Nb3 (29. Nxg5 cxd4 (29... hxg5 $2 30. Nf3 $19) 30. Nh3 (30. Nf3 $2 Rxf3 31. Rg1 Be4 $19) 30... dxc3 (30... Rxe5 31. Raxd4 Be4 32. R4d2 $17) 31. bxc3) 29... Bc2 $2 (29... Rxf3 30. Rg1 Rf5 31. Nxc5 Qb5) 30. Nxc5 Qc6 31. b4 Bxd1 32. Qxd1 Be3 {[%cal Of8f3] Hoping for ...Rxf3!} 33. Ra1 Bxc5 34. bxc5 Qxc5 35. Qd2 (35. h3 $17) 35... Rc8 36. Qxh6 $2 (36. Rd1) 36... Qxc3 37. Rf1 Qd3 38. Rc1 Qg6 39. Qd2 Rxc1+ 40. Qxc1 {[%mdl 4096] Endgame. KQR-KQN} Qe4 41. h3 d4 42. Qc5 Kg7 (42... Rg8 $19 {...Qe2 is the strong threat.} 43. e6 Qxe6 44. Qxd4+ Rg7 45. Qxa7 Qe2) 43. Qe7+ {[#]} (43. Qc7+ $1 $11 Kg8 44. Qc4+ Kh8 45. Qc5) 43... Kg8 $1 $17 44. Qe6+ Kh8 45. Qe7 Qf4 46. Qxb7 d3 47. e6 Rb8 (47... Qd6 $17 48. e7 Re8 49. Qb2+ Kg8 50. Qb3+ Kg7 51. Qc3+ Kg8 52. Qb3+ Kg7 53. Qc3+ Kg8 54. Qb3+) 48. Qd7 Rb1+ 49. Ng1 Qe3 $2 (49... Re1 $11) 50. Qe8+ {White mates.} Kg7 51. Qf7+ Kh6 52. Qf6+ {White used his chance.   Weighted Error Value: White=0.36/Black=0.40.  Loses game:     	White=1     	Black=1      Missed win:     	---       	Black=1      Mistake:       	White=6     	Black=2      Inaccurate:     	White=2     	Black=2      OK:         	White=11    	Black=14     Best:        	White=10    	Black=3      Strong:       	---       	Black=2} 1-0

[Event "45th FIDE Womens Olympiad 2024"]
[Site "Budapest"]
[Date "2024.09.16"]
[Round "6.41"]
[White "Stefanova, Antoaneta"]
[Black "Theissl Pokorna, Regina"]
[Result "1/2-1/2"]
[ECO "C49"]
[WhiteElo "2416"]
[BlackElo "2302"]
[Annotator "TA"]
[PlyCount "43"]
[EventDate "2024.09.05"]
[EventType "team-tourn"]
[EventCountry "HUN"]
[SourceTitle "playchess.com"]
[Source "ChessBase"]
[SourceQuality "1"]
[WhiteTeam "Bulgaria"]
[BlackTeam "Austria"]
[WhiteTeamCountry "BUL"]
[BlackTeamCountry "AUT"]
[TimeControl "40/5400+30:1800+30"]

1. e4 e5 2. Nf3 Nc6 3. Nc3 Nf6 4. Bb5 Bb4 5. O-O O-O 6. Bxc6 dxc6 7. d3 Re8 8. Ne2 Bf8 9. h3 a5 10. a4 c5 11. b3 Nd7 12. Nh2 Ra6 {The position is equal.} 13. Bd2 Nb8 14. f4 exf4 15. Nxf4 Nc6 16. Bc3 Nd4 17. Qd2 (17. Nf3 {simplifies} g6 18. Nxd4 cxd4 19. Bd2) 17... Rf6 18. Nd5 Rg6 19. Nf4 Rf6 20. Nd5 Rg6 21. Nf4 Rf6 22. Nd5 {Not much happened in this game.   Weighted Error Value: White=0.06 (flawless) /Black=0.04 (flawless) .  OK:         	White=5     	Black=3      Best:        	---       	Black=1} 1/2-1/2

[Event "45th FIDE Womens Olympiad 2024"]
[Site "Budapest"]
[Date "2024.09.16"]
[Round "6.42"]
[White "Newrkla, Katharina"]
[Black "Salimova, Nurgyul"]
[Result "1/2-1/2"]
[ECO "C72"]
[WhiteElo "2208"]
[BlackElo "2412"]
[Annotator "TA"]
[PlyCount "86"]
[EventDate "2024.09.05"]
[EventType "team-tourn"]
[EventCountry "HUN"]
[SourceTitle "playchess.com"]
[Source "ChessBase"]
[SourceQuality "1"]
[WhiteTeam "Austria"]
[BlackTeam "Bulgaria"]
[WhiteTeamCountry "AUT"]
[BlackTeamCountry "BUL"]
[TimeControl "40/5400+30:1800+30"]

1. e4 e5 2. Nf3 Nc6 3. Bb5 a6 4. Ba4 d6 5. O-O Bd7 6. c4 Bg4 7. h3 Bxf3 8. Qxf3 Nf6 9. d3 Nd7 10. Be3 g6 11. Nc3 Bg7 {[#]} 12. b4 $1 Nd4 (12... Nf8 13. Bxc6+) 13. Bxd4 exd4 14. Bxd7+ Qxd7 15. Nd5 Qd8 {Against Nf6+} 16. c5 $1 O-O 17. Rac1 {White has more active pieces.} dxc5 18. bxc5 (18. Rxc5 c6 19. Nf4 Qe7 $11) 18... c6 19. Nb6 Rb8 {Black is weak on the light squares} 20. Qd1 Qe7 21. Qd2 Be5 22. Qb4 g5 23. Nc4 Rfd8 (23... Bc7 $142) 24. Nxe5 $1 $16 Qxe5 {[#]} 25. f4 $1 gxf4 (25... Qe7 26. Qd2) 26. Qd2 Re8 (26... Qg5 $142 27. Rxf4 (27. Qxf4 Qxf4 28. Rxf4 b6 $16) 27... Kh8) 27. Rxf4 $18 (27. Qxf4 $6 Qxf4 28. Rxf4 b5 $16) 27... Re6 28. Qf2 Rf8 29. Rf5 Qg7 30. Rb1 f6 31. Qxd4 Qe7 (31... Re5 $142 32. Rbf1 Rxf5 33. Rxf5 Qe7) 32. Qc4 Re8 33. e5 Kg7 34. exf6+ Rxf6 35. Rxf6 Kxf6 {[%mdl 4096] Endgame. KQR-KQR} 36. Qg4 {Rf1+ would kill now.} Qxc5+ 37. d4 Qg5 38. Qd7 ({Don't do} 38. Rxb7 $6 Qxg4 39. hxg4 Re4 $16) (38. Qxg5+ Kxg5 39. Rxb7 h5 $16) 38... Re7 {[#]} 39. Qd8 (39. Qd6+ $1 $18 Kf7 40. Rf1+ Kg7 41. Rf3 Re1+ 42. Kh2) 39... Kg7 $11 {[%cal Oe7e1] White must now prevent ...Re1+! The position is equal.} 40. Rf1 {Kh2 is the strong threat.} Qe3+ 41. Kh2 Rf7 {Repels Qf8+} 42. Rxf7+ Kxf7 43. Qd7+ Kg6 {Weighted Error Value: White=0.21 (precise) /Black=0.20 (precise) .  Missed win:     	White=1     	---        Mistake:       	---       	Black=3      Inaccurate:     	White=3     	Black=3      OK:         	White=15    	Black=11     Best:        	White=2     	---        Strong:       	White=2     	---        Brilliant:      	White=1     	---} 1/2-1/2

[Event "45th FIDE Womens Olympiad 2024"]
[Site "Budapest"]
[Date "2024.09.16"]
[Round "6.42"]
[White "Ashbrooke, Monika"]
[Black "Kponsou, Afiwa"]
[Result "1-0"]
[ECO "E67"]
[WhiteElo "1650"]
[BlackElo "1453"]
[PlyCount "113"]
[EventDate "2024.09.05"]
[EventType "team-tourn"]
[EventCountry "HUN"]
[WhiteTeam "Jersey"]
[BlackTeam "Togo"]
[BlackTeamCountry "TOG"]
[TimeControl "40/5400+30:1800+30"]

1. d4 g6 2. Nf3 Bg7 3. g3 d6 4. Bg2 Nf6 5. O-O O-O 6. c4 Nbd7 7. Nc3 c6 8. e4 Nb6 9. b3 d5 10. Ne5 dxe4 11. Nxe4 Nxe4 12. Bxe4 f6 13. Nf3 Bg4 14. Be3 Nc8 15. Re1 Nd6 16. Bd3 Qd7 17. Be2 Ne4 18. Ne5 fxe5 19. Bxg4 Qe8 20. Be6+ Kh8 21. f3 Nd6 22. c5 Nf5 23. dxe5 Bxe5 24. Rc1 Rd8 25. Qe2 Rf6 26. Bxf5 Rxf5 27. Rcd1 Bg7 28. Rxd8 Qxd8 29. Rd1 Qf8 30. Kg2 Rd5 31. Bf4 Rxd1 32. Qxd1 e5 33. Be3 h5 34. Qd7 Qb8 35. Qf7 Kh7 36. Bg5 Qf8 37. Qxb7 Qf5 38. Be3 Qc2+ 39. Bf2 e4 40. Qe7 exf3+ 41. Kxf3 Qd1+ 42. Qe2 Qxe2+ 43. Kxe2 Be5 44. Kd3 Kg7 45. Bd4 Kf6 46. a4 Bxd4 47. Kxd4 Ke6 48. b4 a6 49. h4 Kf5 50. b5 axb5 51. a5 b4 52. a6 b3 53. Kc3 Kg4 54. a7 Kxg3 55. a8=Q Kxh4 56. Qxc6 Kg5 57. Qg2+ 1-0

[Event "45th FIDE Womens Olympiad 2024"]
[Site "Budapest"]
[Date "2024.09.16"]
[Round "6.43"]
[White "Krasteva, Beloslava"]
[Black "Exler, Veronika"]
[Result "1/2-1/2"]
[ECO "D80"]
[WhiteElo "2295"]
[BlackElo "2176"]
[Annotator "RC"]
[PlyCount "83"]
[EventDate "2024.09.05"]
[EventType "team-tourn"]
[EventCountry "HUN"]
[SourceTitle "playchess.com"]
[Source "ChessBase"]
[SourceQuality "1"]
[WhiteTeam "Bulgaria"]
[BlackTeam "Austria"]
[WhiteTeamCountry "BUL"]
[BlackTeamCountry "AUT"]
[TimeControl "40/5400+30:1800+30"]

1. d4 Nf6 2. c4 g6 3. Nc3 d5 4. Nf3 Bg7 5. Bg5 Ne4 6. Bf4 Nxc3 7. bxc3 c5 8. cxd5 Qxd5 9. e3 cxd4 10. cxd4 Qa5+ 11. Qd2 Nc6 12. Be2 O-O 13. Qxa5 Nxa5 14. Ne5 Be6 15. Bf3 f6 16. Nd3 Bc4 17. Bc7 Nc6 18. Nb2 Bf7 19. O-O Rac8 20. Bg3 e5 21. dxe5 Nxe5 22. Bxe5 fxe5 23. Be4 Rfd8 24. Rfd1 Rxd1+ 25. Nxd1 b6 26. Kf1 Bf8 27. Ke2 Rc4 28. Bd3 Ra4 29. Nc3 Ra3 30. Nb5 Rxa2+ 31. Rxa2 Bxa2 32. Nxa7 Kf7 33. Nb5 Bd5 34. f3 Bb4 35. h4 h6 36. Nc7 Bb3 37. Be4 Bc4+ 38. Bd3 Bb3 39. Be4 Bc4+ 40. Kf2 Bd6 41. Bd5+ Ke7 42. Bxc4 1/2-1/2

[Event "45th FIDE Womens Olympiad 2024"]
[Site "Budapest"]
[Date "2024.09.16"]
[Round "6.44"]
[White "Schloffer, Jasmin-Denise"]
[Black "Peycheva, Gergana"]
[Result "1/2-1/2"]
[ECO "D31"]
[WhiteElo "2168"]
[BlackElo "2248"]
[Annotator "TA"]
[PlyCount "179"]
[EventDate "2024.09.05"]
[EventType "team-tourn"]
[EventCountry "HUN"]
[SourceTitle "playchess.com"]
[Source "ChessBase"]
[SourceQuality "1"]
[WhiteTeam "Austria"]
[BlackTeam "Bulgaria"]
[WhiteTeamCountry "AUT"]
[BlackTeamCountry "BUL"]
[TimeControl "40/5400+30:1800+30"]

1. d4 d5 2. c4 e6 3. Nc3 a6 4. cxd5 exd5 5. Bf4 Nf6 6. Bg5 Be7 7. e3 h6 8. Bh4 O-O 9. Bd3 Bg4 10. f3 Bc8 11. Bf2 c5 12. Nge2 Nc6 13. O-O Re8 14. Qd2 b5 15. dxc5 Bxc5 16. Nd4 Ne5 17. Rad1 Qb6 18. b3 Bd7 19. Bb1 b4 20. Nce2 a5 21. Nf4 Nc6 22. Nfe2 a4 23. Nxc6 Bxc6 24. Nd4 Bd7 25. Rfe1 Re7 26. Qd3 Qa6 27. Bh4 Qxd3 28. Rxd3 g5 29. Bf2 axb3 30. Nxb3 Bb6 31. Nd4 Ree8 32. Rc1 Rec8 33. Re1 Rc4 34. Rd2 Rac8 35. Rb2 Rc1 36. Kf1 (36. Rxb4 Ba5 37. Ne2 Rxe1+ 38. Bxe1 d4 $17 (38... Bxb4 39. Bxb4 d4 40. e4 $17)) 36... g4 (36... Nh5 $11 {remains equal.}) 37. Rxc1 Rxc1+ 38. Be1 gxf3 39. gxf3 Bc7 40. Bd3 (40. Rxb4 $2 Ba5 41. Rb8+ Kg7 $19) 40... Bh3+ (40... Bd6 $16 {was called for.} 41. Ke2 Kg7) 41. Ke2 $18 Be5 42. Rxb4 (42. Bxb4 Rh1 43. Kd2 Rxh2+ 44. Kc3 Rxb2 45. Kxb2 Bxd4+ 46. exd4 Nh7 $11) 42... Rc8 (42... Nd7 $142 43. Rb1 Rxb1 44. Bxb1 Bxh2) 43. Bg3 Nd7 44. Nf5 Ra8 45. a4 ({Inferior is} 45. Nxh6+ Kg7 $14) 45... Bxg3 46. hxg3 Nc5 47. Ne7+ ({Don't do} 47. Nxh6+ $6 Kg7 $14) 47... Kf8 48. Nxd5 Nxa4 49. Rh4 Be6 (49... Nc5 $16 {is a better defense.}) 50. Nc7 Ra5 51. Nxe6+ fxe6 52. Rxh6 {[%mdl 4096] Endgame. KRB-KRN} Nc5 53. Bc4 {Prevents Ra2+.} Ke7 54. Kd2 Kd6 55. Rh4 Ra1 56. g4 Rg1 57. Rh2 Nd7 58. Bd3 Ra1 59. Rh6 Ne5 60. Be4 (60. Be2 $18 {And now f4 would win.} Ra2+ 61. Ke1 Ra1+ 62. Kf2) 60... Nc4+ 61. Kd3 Ne5+ {[#]} 62. Ke2 $1 Ra2+ {[#]} 63. Ke1 $1 {Hoping for g5.} Ke7 $2 (63... Ra4 $16) 64. Rh7+ Kf8 65. Rc7 {Against Nc4} Rg2 66. Kf1 Ra2 67. Rc5 Nd7 68. Rc2 Ra5 69. Kf2 Nf6 70. Rc4 Ke7 71. Kg3 Ra1 72. f4 $2 (72. Kf4 $18) 72... Rg1+ $16 73. Bg2 {Strongly threatening Kf2.} Nxg4 74. Rc3 Nf6 75. Kf2 Ra1 76. Bf3 Ra4 77. Ke2 Ne4 78. Bxe4 Rxe4 $14 {KR-KR} 79. Kd3 Ra4 80. Rc4 Ra1 81. Kd4 Rd1+ 82. Ke4 Kf6 83. Rc6 {f5 is the strong threat.} Ra1 84. Kf3 Ra3 85. Rb6 Ke7 86. Rb5 Kf6 87. Re5 Ra1 88. Ke4 Ra4+ 89. Kd3 Ra3+ 90. Ke4 {Black defended with fortune.   Weighted Error Value: White=0.11 (very precise) /Black=0.16 (very precise) .  Loses game:     	---       	Black=1      Missed win:     	White=1     	---        Mistake:       	White=1     	Black=4      Inaccurate:     	White=1     	Black=3      OK:         	White=35    	Black=22     Best:        	White=3     	Black=5      Strong:       	White=2     	---} 1/2-1/2

[Event "45th FIDE Womens Olympiad 2024"]
[Site "Budapest"]
[Date "2024.09.16"]
[Round "6.45"]
[White "Daulyte-Cornette, Deimante"]
[Black "Mihok-Juhasz, Barbara"]
[Result "1-0"]
[ECO "B40"]
[WhiteElo "2369"]
[BlackElo "2193"]
[Annotator "RC"]
[PlyCount "57"]
[EventDate "2024.09.05"]
[EventType "team-tourn"]
[EventCountry "HUN"]
[SourceTitle "playchess.com"]
[Source "ChessBase"]
[SourceQuality "1"]
[WhiteTeam "France"]
[BlackTeam "Hungary B"]
[WhiteTeamCountry "FRA"]
[TimeControl "40/5400+30:1800+30"]

1. e4 c5 2. Nf3 e6 3. c3 d5 4. e5 d4 5. d3 Nc6 6. g3 Nge7 7. Bg2 Nd5 8. O-O Be7 9. c4 Nc7 10. h4 f5 11. exf6 Bxf6 12. Bf4 O-O 13. Re1 Ne8 14. Nbd2 Nd6 15. Nb3 b6 16. Ng5 Bxg5 17. Bxc6 Bxf4 18. Bxa8 Bh6 19. Nd2 Bd7 20. Bg2 Qf6 21. Qe2 Bxd2 22. Qxd2 e5 23. a3 Bg4 24. b4 Bf3 25. Bxf3 Qxf3 26. Rxe5 Nf5 27. Qe2 Qc6 28. Re1 Qg6 29. Re8 1-0

[Event "45th FIDE Womens Olympiad 2024"]
[Site "Budapest"]
[Date "2024.09.16"]
[Round "6.45"]
[White "Sosna, Mehari Abraham"]
[Black "Asha, Huang Limboo"]
[Result "1-0"]
[ECO "D02"]
[WhiteElo "1541"]
[BlackElo "1420"]
[PlyCount "113"]
[EventDate "2024.09.05"]
[EventType "team-tourn"]
[EventCountry "HUN"]
[WhiteTeam "Eritrea"]
[BlackTeam "Bhutan"]
[WhiteTeamCountry "ERI"]
[BlackTeamCountry "BTN"]
[TimeControl "40/5400+30:1800+30"]

1. d4 d5 2. Nf3 Nf6 3. Bf4 Nc6 4. e3 a6 5. Bd3 Bg4 6. Nbd2 e6 7. c3 h6 8. h3 Bf5 9. Bxf5 exf5 10. Qc2 Qd7 11. Ne5 Nxe5 12. Bxe5 Bd6 13. Bxf6 gxf6 14. Qb3 c6 15. O-O-O O-O-O 16. f4 Rde8 17. Rde1 h5 18. c4 Qc7 19. c5 Bf8 20. g4 hxg4 21. hxg4 Bh6 22. Rh4 fxg4 23. Rxg4 f5 24. Rh4 Bg7 25. Rxh8 Bxh8 26. Nf3 f6 27. Qc2 Qa5 28. Qxf5+ Kd8 29. a3 Bg7 30. Qh7 Qc7 31. Rg1 Bh8 32. Qxc7+ Kxc7 33. Kd2 Re7 34. Rg8 Rh7 35. b4 b5 36. Kd3 Rh1 37. e4 dxe4+ 38. Kxe4 Rh5 39. f5 Rh7 40. Re8 Bg7 41. Re6 Kd7 42. Rd6+ Kc7 43. d5 Bf8 44. Rxc6+ Kb7 45. Rxf6 Re7+ 46. Ne5 Bg7 47. Re6 Rxe6 48. fxe6 Bf6 49. d6 Kc8 50. c6 Bh4 51. d7+ Kc7 52. Kd5 Kd8 53. Nf7+ Kc7 54. d8=Q+ Bxd8 55. Nxd8 Kxd8 56. Kd6 Ke8 57. c7 1-0

[Event "45th FIDE Womens Olympiad 2024"]
[Site "Budapest"]
[Date "2024.09.16"]
[Round "6.46"]
[White "Lakos, Nikoletta"]
[Black "Milliet, Sophie"]
[Result "1/2-1/2"]
[ECO "B80"]
[WhiteElo "2192"]
[BlackElo "2348"]
[Annotator "TA"]
[PlyCount "42"]
[EventDate "2024.09.05"]
[EventType "team-tourn"]
[EventCountry "HUN"]
[SourceTitle "playchess.com"]
[Source "ChessBase"]
[SourceQuality "1"]
[WhiteTeam "Hungary B"]
[BlackTeam "France"]
[BlackTeamCountry "FRA"]
[TimeControl "40/5400+30:1800+30"]

1. e4 c5 2. Nf3 e6 3. g3 Nc6 4. Bg2 Nf6 5. Nc3 d6 6. d4 cxd4 7. Nxd4 Bd7 8. O-O Be7 9. h3 O-O 10. Kh2 Nxd4 11. Qxd4 Bc6 12. a4 a6 13. a5 Rc8 14. Rd1 Nd7 15. Be3 Qc7 16. f4 Kh8 17. Qd2 Rcd8 18. Bd4 Bf6 19. Be3 Be7 20. Bd4 Bf6 21. Be3 Be7 {A rather calm draw.   Weighted Error Value: White=0.13 (very precise) /Black=0.06 (flawless) .  Inaccurate:     	---       	Black=1      OK:         	White=2     	Black=5      Best:        	---       	Black=1} 1/2-1/2

[Event "45th FIDE Womens Olympiad 2024"]
[Site "Budapest"]
[Date "2024.09.16"]
[Round "6.47"]
[White "Guichard, Pauline"]
[Black "Karacsonyi, Kata"]
[Result "1-0"]
[ECO "D24"]
[WhiteElo "2374"]
[BlackElo "2233"]
[Annotator "TA"]
[PlyCount "85"]
[EventDate "2024.09.05"]
[EventType "team-tourn"]
[EventCountry "HUN"]
[SourceTitle "playchess.com"]
[Source "ChessBase"]
[SourceQuality "1"]
[WhiteTeam "France"]
[BlackTeam "Hungary B"]
[WhiteTeamCountry "FRA"]
[TimeControl "40/5400+30:1800+30"]

1. d4 Nf6 2. c4 e6 3. Nf3 d5 4. Nc3 dxc4 5. e4 b5 6. e5 $1 Nd5 7. Nxb5 Nb6 8. a4 {White is slightly better.} Qd7 9. Bd2 Ba6 10. b3 cxb3 11. Qxb3 c6 {[#]} 12. Nd6+ Bxd6 $15 13. exd6 Qxd6 14. Bxa6 Nxa6 15. O-O O-O 16. Rfc1 Nd7 17. Rc4 Qd5 18. Qc2 c5 (18... Rac8 $11) 19. dxc5 $14 Ndxc5 20. Be3 {[%cal Oa1d1] And now Rd1! would win.} Nb7 21. Rd1 {[%mdl 1024] White has strong compensation. Black is weak on the dark squares. Black is on the road to losing.} Qf5 {[#]} 22. Qb2 $1 Rab8 {...Na5 is the strong threat.} 23. Rf4 $40 {[%mdl 128] White attacks with force. White is much more active.} Qa5 (23... Rfd8 $142 24. Rxd8+ Nxd8 25. Qxb8 Nxb8 26. Rxf5 exf5) 24. Rg4 f6 {[#]} 25. Bh6 $1 Rf7 {[#]} 26. Rxg7+ $1 Rxg7 27. Bxg7 (27. Qxf6 $2 Rg6 28. Qh4 Qb4 29. Qxb4 Nxb4 $19) 27... Rd8 (27... Qxa4 $16 {is a better defense.} 28. Ra1 Qf4 29. Qxf6 (29. Bxf6 Nbc5 $16) 29... Qxf6 30. Bxf6 Nb4 31. Rxa7 Nc6) 28. Rxd8+ (28. Bxf6 $2 {gets mated.} Rxd1+) 28... Qxd8 29. h4 (29. Qxb7 $2 {is a self mate.} Qd1+) 29... Kxg7 30. Qxb7+ $18 {[%mdl 4096] Endgame. KQN-KQN} Nc7 31. Qxa7 Qd1+ 32. Kh2 Qd6+ 33. g3 Kg6 34. Qb8 Kg7 {Prevents Qg8+.} 35. Kg2 Qc6 36. Qc8 e5 (36... Qd6 $142 37. a5 h5) 37. a5 Kg6 (37... h5 $142 38. a6 Kh7) 38. Qg8+ Kh6 39. g4 {[%cal Bg3g4,Bg4g5][%mdl 32] White mates.} Ne6 40. Kg3 Qd7 41. g5+ Kh5 42. gxf6 e4 43. Ne5 {Weighted Error Value: White=0.06 (flawless) /Black=0.40.  Mistake:       	White=1     	Black=5      Inaccurate:     	White=2     	Black=4      OK:         	White=12    	Black=7      Best:        	White=6     	Black=3      Strong:       	White=2     	---} 1-0

[Event "45th FIDE Womens Olympiad 2024"]
[Site "Budapest"]
[Date "2024.09.16"]
[Round "6.47"]
[White "Elshalom, Essayas Berhane"]
[Black "Yeshey, Lhaden"]
[Result "1-0"]
[ECO "B13"]
[WhiteElo "1659"]
[BlackElo "1514"]
[PlyCount "95"]
[EventDate "2024.09.05"]
[EventType "team-tourn"]
[EventCountry "HUN"]
[WhiteTeam "Eritrea"]
[BlackTeam "Bhutan"]
[WhiteTeamCountry "ERI"]
[BlackTeamCountry "BTN"]
[TimeControl "40/5400+30:1800+30"]

1. e4 c6 2. d4 d5 3. exd5 cxd5 4. Bd3 Nf6 5. Nf3 g6 6. Bf4 Nc6 7. c3 Bg7 8. h3 Nh5 9. Bh2 O-O 10. Nbd2 f6 11. g4 e5 12. gxh5 e4 13. hxg6 exd3 14. gxh7+ Kxh7 15. Nf1 Re8+ 16. Ne3 Bf5 17. Nd2 Bh6 18. Qh5 Bg6 19. Qh4 f5 20. Qxd8 Raxd8 21. O-O-O Bh5 22. Rde1 f4 23. Ng4 Re2 24. Nxh6 Rde8 25. Rxe2 dxe2 26. Re1 Kxh6 27. Bxf4+ Kh7 28. Be3 Re6 29. Nb3 a5 30. Kd2 a4 31. Nc1 Na5 32. b3 Rb6 33. Nxe2 axb3 34. axb3 Rxb3 35. Nf4 Nc4+ 36. Kd3 Bf3 37. Bd2 Nxd2 38. Kxd2 Rb2+ 39. Ke3 Be4 40. f3 Bf5 41. Nxd5 Rb3 42. Kf4 Bg6 43. Kg5 Kg7 44. Re7+ Bf7 45. Rc7 b5 46. Rb7 Kf8 47. Kf6 Bxd5 48. Rb8# 1-0